 Dungeon Crawl Stone Soup version 0.13.1-2-gfb2c2b7 (webtiles) character file.

140 Lilouch the Skirmisher (level 3, 0/28 HPs)
             Began as a Demonspawn Chaos Knight on Dec 8, 2013.
             Was a Plaything of Xom.
             Slain by Sigmund
             ... wielding a +0,+0 scythe
              (9 damage)
             ... on Level 2 of the Dungeon.
             The game lasted 00:02:16 (911 turns).

Lilouch the Skirmisher (Demonspawn Chaos Knight)     Turns: 911, Time: 00:02:16

HP   0/28        AC 10     Str 13      XL: 3   Next: 80%
MP   3/3         EV 10     Int 13      God: Xom
Gold 80          SH  0     Dex 12      Spells:  0 memorised,  2 levels left

Res.Fire  : . . .   See Invis. : .   a - +0 spear (chaos) {=f}
Res.Cold  : . . .   Warding    : .   b - +2 leather armour
Life Prot.: . . .   Conserve   : .   (no shield)
Res.Poison: .       Res.Corr.  : .   (helmet restricted)
Res.Elec. : .       Clarity    : .   p - +0 orc cloak
Sust.Abil.: . .     Spirit.Shd : .   (no gloves)
Res.Mut.  : .       Stasis     : .   (no boots)
Res.Rott. : .       Flight     : .   (no amulet)
Saprovore : . . .                    (no ring)
                                     (no ring)

@: not resistant to hostile enchantments, very unstealthy
A: antennae 1, AC +4
a: Renounce Religion


You were on level 2 of the Dungeon.
You worshipped Xom.
You were a favourite toy of Xom.
You were not hungry.

You visited 1 branch of the dungeon, and saw 2 of its levels.

You collected 60 gold pieces.

Inventory:

Hand weapons
 a - a +0,+0 spear of chaos (weapon) {=f}
Missiles
 g - 11 darts of frost (quivered)
Armour
 b - a +2 leather armour (worn)
 l - a +0 dwarven plate armour
 p - a +0 orcish cloak (worn)
Comestibles
 c - a bread ration
Scrolls
 e - 3 scrolls of teleportation {unknown}
 f - 2 scrolls of magic mapping {unknown}
 h - a scroll of remove curse {unknown}
 j - 2 scrolls of identify {unknown}
 k - a scroll of recharging {unknown}
 o - a scroll of curse armour {unknown}
Jewellery
 i - an uncursed ring of protection from fire {unknown}
Potions
 d - a potion of curing {unknown}
 m - 2 potions of invisibility {unknown}
 n - a potion of slowing {unknown}
 q - a potion of brilliance {unknown}


   Skills:
 + Level 3.8 Fighting
 + Level 3.2 Polearms
 + Level 2.5 Armour
 - Level 0.8 Dodging


You had 2 spell levels left.
You didn't know any spells.

Dungeon Overview and Level Annotations

Branches:
Dungeon (2/27)

Altars:

Annotations:
D:2 Sigmund


Innate Abilities, Weirdness & Mutations

You have a pair of small antennae on your head.
You are partially covered in iridescent scales (AC +4).


Message History

You hear some strange, mumbled words.
Something tries to affect you, but you resist.
A rat comes into view.
You hear some strange, mumbled words.
You are confused.
Xom thinks this is hilarious!
You see here a bat corpse.
You are too confused!
You are too confused!
Ouch! It hits you but does no damage.
You closely miss it. It hits you.
You hit it.
Its magic leaks into the air.
Ouch! It hits you! It hits you but does no damage.
You see here a bat corpse.
You feel less confused. It hits you but does no damage. It hits you!
You die... "Boring in life, boring in death..."

................#
..####.##########
.## #.# .# #.# ##
#.# #.#
#.###########
#...........#
###########@# #.#
#r. ####


You could see a rat.

Vanquished Creatures
  A scorpion (shapeshifter) (D:1)
  An adder (D:2)
  An orc (D:2)
  A ball python (D:2)
  3 bats
  5 goblins (D:2)
  4 hobgoblins
  2 giant newts (D:1)
  5 kobolds
  2 rats
25 creatures vanquished.

Notes
Turn   | Place    | Note
--------------------------------------------------------------
     0 | D:1      | Lilouch, the Demonspawn Chaos Knight, began the quest for the Orb.
     0 | D:1      | Reached XP level 1. HP: 16/16 MP: 1/1
   194 | D:1      | XOM: harmless Tloc miscast
   216 | D:1      | Gained mutation: You are partially covered in iridescent scales (AC +4). [demonic ancestry]
   216 | D:1      | Reached XP level 2. HP: 22/22 MP: 2/2
   338 | D:1      | Gained mutation: You have a pair of small antennae on your head. [demonic ancestry]
   338 | D:1      | Reached XP level 3. HP: 20/28 MP: 3/3
   545 | D:2      | XOM: inner flame monster(s)
   720 | D:2      | XOM: harmless Pois miscast
   899 | D:2      | Noticed Sigmund
   911 | D:2      | Slain by Sigmund

Action                   || total
-------------------------++-------
Melee: Spear             ||    87
 Stab: Sleeping          ||     1
